[Event "CCT Chesscom Classic-D2 2024"]
[Site "Online"]
[Date "2024.05.12"]
[Round "3"]
[White "LevonAronian"]
[Black "Oparin, Grigoriy"]
[Result "1-0"]
[ECO "B30"]
[WhiteElo "2748"]
[BlackElo "2676"]
[Annotator "TA"]
[PlyCount "63"]
[EventDate "2024.05.08"]
[EventType "k.o."]
[EventCountry "NET"]
[SourceTitle "playchess.com"]
[Source "ChessBase"]
[SourceQuality "1"]
[TimeControl "600+2"]

1. e4 c5 2. Nf3 Nc6 3. Bb5 e5 4. O-O Bd6 5. d3 Nf6 6. Be3 a6 7. Bxc6 dxc6 8. Nbd2 {[%emt 0:00:04] White has an edge.} Be6 9. b3 Nd7 10. Ng5 {[%emt 0:00:17] Strongly threatening Nxe6.} Qe7 11. Qh5 (11. Nxe6 {simplifies} Qxe6 12. a4 b6 13. h3) 11... h6 (11... Nf6 $11 {keeps the balance.} 12. Qh4 Ng4) 12. Nxe6 $16 Qxe6 13. Nc4 Bc7 14. f4 {[%emt 0:00:03] White has more active pieces.} exf4 15. Bxf4 (15. Bxc5 $2 {loses.} g6 16. Qf3 Nxc5 $19) 15... Bxf4 16. Rxf4 b5 17. Ne3 g6 18. Qf3 f6 (18... h5 $14) 19. Rf1 ({White should try} 19. Qg3 $16) 19... O-O-O (19... h5 $1 $14) 20. Ng4 h5 21. Nxf6 Ne5 22. Qg3 Kb7 23. h3 Qd6 24. Kh1 $36 {[%emt 0:00:11][%mdl 2048] Black is under strong pressure.} Qd4 25. Qg5 Kb6 26. a4 Qd6 {[%emt 0:00:07][%mdl 8192] [#] Loses the game.} (26... Kb7 $16 27. R4f2 Rd6) 27. Nd5+ $1 $18 Kb7 (27... cxd5 28. Rf6) 28. Rf6 Qb8 {[%emt 0:00:06] [#]} 29. Rf7+ $1 Nxf7 (29... Rd7 30. Rxd7+) 30. Rxf7+ Ka8 31. Nc7+ Kb7 32. Ne6+ {[%emt 0:00:08] Weighted Error Value: White=0.17 (very precise) /Black=0.47.  Loses game:     	---       	Black=1      Mistake:       	White=1     	Black=3      Inaccurate:     	White=4     	Black=4      OK:         	White=4     	Black=5      Best:        	White=1     	---} (32. Nxb5+ $142 Kb6 33. Na3) 1-0

[Event "CCT Chesscom Classic-D2 2024"]
[Site "Online"]
[Date "2024.05.12"]
[Round "3"]
[White "LevonAronian"]
[Black "Oparin, Grigoriy"]
[Result "0-1"]
[ECO "B52"]
[WhiteElo "2744"]
[BlackElo "2676"]
[Annotator "TA"]
[PlyCount "198"]
[EventDate "2024.05.08"]
[EventType "k.o."]
[EventCountry "NET"]
[SourceTitle "playchess.com"]
[Source "ChessBase"]
[SourceQuality "1"]
[TimeControl "600+2"]

1. e4 c5 2. Nf3 d6 3. Bb5+ Bd7 4. c4 Nf6 5. Nc3 g6 6. d4 cxd4 7. Nxd4 Bg7 8. Be3 {[%emt 0:00:02] White is slightly better.} O-O 9. h3 {[%emt 0:00:05] Repels Ng4} a6 10. Bxd7 Nfxd7 11. O-O Nc6 12. Rc1 Rc8 13. b3 Qa5 14. Nxc6 bxc6 15. Na4 c5 16. f4 Nb8 17. Bd2 (17. e5 {keeps more tension.} dxe5 18. fxe5 Bxe5 19. Qd5) 17... Qd8 18. Nc3 Nc6 19. Kh1 f5 20. exf5 gxf5 21. Qe1 Qd7 22. Rf3 Nd4 23. Re3 Rce8 24. Qh4 Kh8 25. Ne2 e5 26. Nc3 Re6 27. Nd5 Rg6 28. Qf2 e4 29. Bc3 Rg8 30. Rd1 Ne6 {[%emt 0:00:24] [#]} 31. g4 $1 fxg4 (31... Rf8 $14) (31... Nd4 32. g5) 32. f5 $18 Qf7 33. Rf1 $2 (33. Rxe4 Bxc3 34. Qf1 Rh6 (34... Ng5 35. Re7 $11) 35. fxe6 (35. Nxc3 $2 Rxh3+ 36. Kg2 Ng5 $19) 35... Qf3+ 36. Qxf3 gxf3 $15) (33. f6 $18 Bf8 34. Ne7 (34. Rxe4 gxh3 35. Ne7 Rg2 $11)) 33... Bxc3 $11 ({Avoid the trap} 33... g3 $2 34. Qg2 Rg5 (34... Rf8 $2 35. Ree1 $18) 35. Bf6 (35. fxe6 Qxf1+ 36. Qxf1 g2+ $18) 35... Bxf6 36. fxe6 Qxe6 37. Nxf6 $18 (37. Rxf6 Qe5 $18)) 34. fxg6 Qxf2 35. Rxf2 Bd4 $1 {[%emt 0:00:00] The board is on fire.} 36. Rf7 Ng5 37. Rxe4 Nxf7 38. gxf7 {[%emt 0:00:01][%mdl 4096] Endgame. KRB-KRN} Rf8 39. Re8 (39. hxg4 {simplifies} Rxf7 40. Nf4 a5 41. Ne6) 39... Kg7 40. Rxf8 Kxf8 41. hxg4 (41. Nc7 {feels hotter.} gxh3 42. Nxa6 Be5 43. a3) 41... Kxf7 {[%emt 0:00:02] KB-KN} 42. Kg2 Ke6 43. Kf3 Ke5 44. Ne7 Bc3 45. Nc6+ Ke6 46. Ke4 Be1 47. Nb8 a5 48. Na6 Bd2 49. Nc7+ Kd7 50. Nd5 Ke6 {[%emt 0:00:00] Dodges Nf6} 51. Nc7+ Kd7 52. Nb5 Ke6 53. Na7 Be1 54. Nc6 Bc3 55. Nd8+ Ke7 56. Nb7 Ke6 57. a3 Be1 58. Nd8+ Ke7 59. Nb7 Ke6 60. a4 Bd2 61. Nd8+ $2 (61. Kd3 $1 $11 {and White is okay.} Be1 62. Nd8+ Ke5 63. Ke2) 61... Ke7 $2 (61... Kd7 $19 62. Kd3 Bc1) 62. Nc6+ (62. Nb7 $5 Ke6 $8 63. Kd3 $11) 62... Ke6 63. Na7 Be1 64. Nb5 Bd2 65. Nc7+ Kd7 66. Nd5 Ke6 {[%emt 0:00:00] Prevents Nf6.} 67. Kd3 Be1 68. Ke2 Bg3 69. Ke3 Be1 70. Nf4+ Kf6 71. Ke4 Kg5 72. Kf3 Kf6 73. Ng2 Bd2 {[%emt 0:00:04] Hoping for ...Ke5.} 74. Ke2 (74. Ke4 $11) 74... Bc1 ({Black should play} 74... Bh6 $1 $15) 75. Ne1 $1 Kg5 76. Kf3 Bd2 77. Nd3 {[%emt 0:00:02] Threatens to win with Nf2.} Kf6 78. Ke4 Kg5 79. Kf3 Kf6 80. Ke2 Bc3 81. Nf4 {[%emt 0:00:06] Strongly threatening Nd5+.} Ke5 82. Nd5 Bb2 {[%emt 0:00:01] ...Ke4 would now be deadly.} 83. Kd3 $1 Bc1 {[%emt 0:00:01] aiming for ...Bg5.} 84. Ke2 {[%emt 0:00:02] [#]} (84. Ne7 $11) 84... Kd4 (84... Bg5 $1 $17 {And now ...Kd4 would win.} 85. Kd3 h6) 85. Kd1 $2 (85. Ne7 $1 $11 Kc3 86. Nc6 Kxb3 87. Nxa5+ Kxa4 88. Nb7) 85... Bg5 $19 86. Ke2 Bh6 $2 (86... h6 $19 {...Bh4 is the strong threat.} 87. Ke1 Kd3) 87. Nf6 $2 (87. Ne7 $11 Kc3 88. Nc6 Kxb3 89. Nxa5+ Kb4 (89... Kxa4 90. Nc6 $11) 90. Nb7 Kxc4 91. Nxd6+ Kb4 92. Kd3) 87... Kc3 88. g5 Bxg5 89. Ne4+ Kxb3 90. Nxg5 Kxa4 {[%emt 0:00:02] KN-KP. Black mates.} 91. Kd2 Kb3 92. Ne4 a4 93. Kc1 a3 94. Kb1 h5 95. Nxd6 h4 96. Ne4 Kxc4 97. Ka2 Kb4 98. Ng5 c4 99. Nh3 c3 {[%emt 0:00:01] Black used his chance.   Weighted Error Value: White=0.13 (very precise) /Black=0.12 (very precise) .  Loses game:     	White=3     	Black=1      Missed win:     	White=1     	Black=2      Mistake:       	White=2     	Black=2      Inaccurate:     	White=2     	Black=1      OK:         	White=28    	Black=41     Best:        	White=1     	Black=2      Strong:       	White=2     	Black=1} 0-1

[Event "CCT Chesscom Classic-D2 2024"]
[Site "Online"]
[Date "2024.05.12"]
[Round "3"]
[White "Vachier-Lagrave, Maxime"]
[Black "Dubov, Daniil"]
[Result "1-0"]
[ECO "C55"]
[WhiteElo "2732"]
[BlackElo "2707"]
[Annotator "TA"]
[PlyCount "119"]
[EventDate "2024.05.08"]
[EventType "k.o."]
[EventCountry "NET"]
[SourceTitle "playchess.com"]
[Source "ChessBase"]
[SourceQuality "1"]
[TimeControl "600+2"]

1. e4 e5 2. Nf3 Nc6 3. Bc4 Nf6 4. d3 Be7 5. O-O O-O 6. Re1 d6 7. a3 Be6 {[%emt 0:00:09] C55: Two Knights: 4 d3, 4 d4 exd4 5 e5 and Max Lange Attack.} 8. Nc3 Bxc4 9. dxc4 a5 10. Qd3 b6 $146 ({Predecessor:} 10... Nd7 11. Be3 Re8 12. Nd5 h6 13. b4 Bf8 14. b5 Ne7 15. Rab1 Nc8 16. Qb3 Re6 {1-0 Sternik,R (1717)-Pech,J (644) FICGS theme 0001 email 2012 (1)}) 11. Nd5 Nxd5 12. cxd5 Nb8 13. Be3 Nd7 14. b4 h6 15. c4 Re8 16. g3 Bf8 17. Nd2 Be7 18. h4 Rf8 19. Nb3 axb4 20. axb4 Nf6 21. c5 (21. Kg2 $14) 21... Rxa1 (21... bxc5 {looks sharper.} 22. bxc5 Qd7 23. cxd6 Bxd6 24. Kg2 Qg4) 22. Rxa1 bxc5 23. bxc5 Ng4 24. Kg2 Nxe3+ 25. Qxe3 dxc5 26. Nxc5 c6 (26... Bd6 $11 {remains equal.}) 27. dxc6 $16 Qd6 28. Nd7 Rc8 29. Rc1 Rxc6 30. Rxc6 Qxc6 31. Nxe5 Qb5 32. Nd3 h5 33. Nf4 Qe5 34. Qd3 Bxh4 35. Qd5 (35. Qf3 $1 $14 Bg5 36. Nxh5) 35... Qxd5 $11 36. exd5 Be7 37. Nxh5 f5 38. Nf4 Kf7 39. Kf3 g5 40. Nd3 g4+ 41. Ke3 (41. Kf4 $5 Kf6 $8 42. Ke3 $14 (42. Ne5 $2 Bd6 $19)) 41... Bd6 42. Kd4 Kf6 43. Kc4 Ke7 44. Nc5 Bb8 45. Ne6 Kd7 $1 46. Ng7 f4 47. Nh5 fxg3 48. fxg3 Kd6 49. Kd4 Ba7+ 50. Ke4 Bf2 51. Ng7 Be1 $2 (51... Ke7 $14) 52. Nf5+ Kc5 53. Ke5 Kc4 54. d6 Kd3 55. d7 Ba5 56. Ke6 Ke4 57. Ng7 Bc7 58. Nh5 Bd8 59. Kf7 Bg5 60. Ke8 1-0

[Event "CCT Chesscom Classic-D2 2024"]
[Site "Online"]
[Date "2024.05.12"]
[Round "3"]
[White "Dubov, Daniil"]
[Black "Vachier-Lagrave, Maxime"]
[Result "1/2-1/2"]
[ECO "D85"]
[WhiteElo "2707"]
[BlackElo "2732"]
[Annotator "TA"]
[PlyCount "102"]
[EventDate "2024.05.08"]
[EventType "k.o."]
[EventCountry "NET"]
[SourceTitle "playchess.com"]
[Source "ChessBase"]
[SourceQuality "1"]
[TimeControl "600+2"]

1. d4 Nf6 2. c4 g6 3. Nc3 d5 4. cxd5 Nxd5 5. e4 Nxc3 6. bxc3 Bg7 7. Nf3 c5 8. Bb5+ Nc6 9. O-O O-O 10. Bxc6 bxc6 11. Qc2 Qa5 12. a4 cxd4 13. cxd4 Bg4 14. Ne5 Bxe5 15. dxe5 Rfd8 16. h3 Be6 17. Be3 Rab8 18. Qc5 Qxc5 19. Bxc5 Rd7 20. Rfd1 Rbd8 21. Rxd7 Rxd7 22. Rb1 f6 23. exf6 exf6 24. Rb8+ Kf7 25. Rf8+ Kg7 26. Ra8 g5 27. Rxa7 Rxa7 28. Bxa7 h5 29. a5 Bc4 30. f3 h4 31. Kf2 Kf7 32. Bc5 Ke6 33. Ke3 f5 34. Kd4 Bf1 35. e5 Ba6 36. Bb6 Kd7 37. Kc5 Bf1 38. e6+ Ke7 39. Bc7 f4 40. Be5 Kxe6 41. Bc7 Kf5 42. Bd8 (42. Kxc6 $2 Bxg2 43. Kb5 Bxf3 $19 (43... Bxh3 $2 44. Kb4 $19)) 42... Kg6 $1 (42... Bxg2 43. a6 (43. Kxc6 $2 Bxf3+ 44. Kb5 Bg2 $19) 43... Bxf3 44. a7 $18) 43. Be7 (43. Kxc6 $2 Bxg2 44. Bb6 Bxf3+ (44... Bxh3 $2 45. Kd5 $19) 45. Kb5 Bg2 $19) 43... Kf5 (43... Bxg2 44. a6 (44. Kxc6 $2 Bxf3+ 45. Kc7 Bg2 $19) 44... Kf7 45. Bxg5 $18 (45. a7 Kxe7 46. a8=Q Bxf3 $18)) 44. Bd8 (44. Kxc6 $2 Bxg2 45. Kb5 Bxf3 $19 (45... Bxh3 $2 46. Bc5 $19)) 44... Kg6 $1 (44... Bxg2 $2 45. a6 (45. Kxc6 $2 Bxf3+ 46. Kd6 Bg2 $19) 45... Bxf3 46. a7 $18) 45. Bc7 (45. Kxc6 Bxg2 46. Bb6 Bxf3+ (46... Bxh3 $2 47. Kd5 $19) 47. Kb5 Bg2 $19) 45... Kf5 (45... Bxg2 46. a6 (46. Kxc6 $2 Bxf3+ 47. Kd6 Bg2 $19) 46... Bxh3 47. a7 $18 (47. Kxc6 $2 Bg2 $19)) 46. Bd6 (46. Kxc6 $2 Bxg2 47. Kb5 Bxf3 $19 (47... Bxh3 $2 48. Kb4 $19)) 46... Kg6 (46... Bxg2 $2 47. a6 (47. Kxc6 $2 Bxf3+ 48. Kd7 Bg2 $19) 47... Bxh3 48. a7 $18 (48. Kxc6 $2 Bg2 $19)) 47. Be5 (47. Kxc6 $2 Bxg2 48. Kc7 Bxf3 $19 (48... Bxh3 $2 49. Bc5 $19)) 47... Kf5 (47... Bxg2 $2 48. a6 (48. Kxc6 $2 Bxf3+ 49. Kd6 Bg2 $19) 48... Bxf3 49. a7 $18) 48. Bc3 Kg6 (48... Bxg2 $2 49. a6 (49. Kxc6 $2 Bxf3+ 50. Kc5 Bg2 $19) 49... Bxf3 50. a7 $18) 49. Be5 (49. Kxc6 $2 Bxg2 50. Kd5 Bxf3+ (50... Bxh3 $2 51. Bd4 $19) 51. Ke5 Bg2 $19) 49... Kf5 (49... Bxg2 $2 50. a6 (50. Kxc6 $2 Bxf3+ 51. Kc5 Bg2 $19) 50... Bxh3 51. a7 $18 (51. Kxc6 $2 Bg2 $19)) 50. Bb8 Kg6 (50... Bxg2 $2 51. a6 (51. Kxc6 $2 Bxf3+ 52. Kd7 Bg2 $19) 51... Bxf3 52. a7 $18) 51. Bc7 (51. Kxc6 $2 {loses.} Bxg2 52. a6 Bxf3+ (52... Bxh3 $2 53. Kd6 $19) 53. Kc5 Kf5 $19) 51... Kf5 (51... Bxg2 52. a6 (52. Kxc6 $2 {too greedy.} Bxf3+ 53. Kd6 Bg2 $19) 52... Bxf3 53. a7 $18) 1/2-1/2

[Event "CCT Chesscom Classic-D2 2024"]
[Site "Online"]
[Date "2024.05.12"]
[Round "3"]
[White "Dubov, Daniil"]
[Black "Vachier-Lagrave, Maxime"]
[Result "1-0"]
[ECO "E07"]
[WhiteElo "2707"]
[BlackElo "2732"]
[Annotator "ChessBase"]
[PlyCount "177"]
[EventDate "2024.05.08"]
[EventType "k.o."]
[EventCountry "NET"]
[SourceTitle "playchess.com"]
[Source "ChessBase"]
[SourceQuality "1"]
[TimeControl "600+2"]

1. d4 Nf6 2. c4 e6 3. Nf3 d5 4. Nc3 Nbd7 5. g3 Be7 6. Bg2 O-O 7. Ne5 c6 8. O-O a5 9. Bf4 dxc4 10. Nxc4 Nd5 11. Rc1 Nxf4 12. gxf4 Kh8 13. Kh1 Nb6 14. Ne5 f6 15. Nf3 Nd5 16. e3 Bd7 17. Rg1 Be8 18. Bh3 Bf7 19. Ne4 a4 20. a3 Ra5 21. Nfd2 Rb5 22. Rc2 Nb6 23. Bf1 Rh5 24. Ng3 Rh6 25. Nf3 Qd7 26. Bg2 Ra8 27. Qe1 Nc8 28. e4 Nd6 29. Qe3 Bg6 30. Rd1 Qe8 31. Re2 f5 32. exf5 Bxf5 33. Ng5 Bg4 34. Bf3 Bf5 35. Rde1 Bf6 36. d5 cxd5 37. Bxd5 Bg4 38. f3 Qb5 39. Bxe6 Bxe6 40. Nxe6 Re8 41. Qc5 Qxc5 42. Nxc5 Rg8 43. Nxa4 Rh4 44. Ne4 Nf5 45. Nac5 Rxf4 46. Ne6 Rh4 47. Rc2 Re8 48. Rc5 Nd4 49. Nxd4 Bxd4 50. Rb5 b6 51. Rd1 Be3 52. Kg2 Bf4 53. h3 Rh6 54. Rf5 Bb8 55. Rfd5 Rhe6 56. Rd8 h6 57. Rxe8+ Rxe8 58. Rd7 Rc8 59. h4 Bf4 60. Kh3 h5 61. Rf7 Be5 62. b3 g6 63. Nf6 Bxf6 64. Rxf6 b5 65. Rb6 Rc5 66. Kg3 Kg7 67. Kf4 Rf5+ 68. Ke4 Kf7 69. Rc6 Kg7 70. f4 Rf7 71. Rb6 Ra7 72. Rxb5 Rxa3 73. Rb7+ Kf6 74. Rb6+ Kf7 75. Kd5 Ra1 76. b4 Rd1+ 77. Kc6 Rd4 78. b5 Rxf4 79. Ra6 Rxh4 80. b6 Rc4+ 81. Kd7 Rb4 82. Kc6 Kf6 83. Kc5 Rxb6 84. Rxb6+ Kf5 85. Kd4 Kf4 86. Rxg6 h4 87. Rh6 Kg3 88. Ke3 h3 89. Rg6+ 1-0

[Event "CCT Chesscom Classic-D2 2024"]
[Site "Online"]
[Date "2024.05.12"]
[Round "3"]
[White "Oparin, Grigoriy"]
[Black "LevonAronian"]
[Result "1/2-1/2"]
[ECO "E60"]
[WhiteElo "2676"]
[BlackElo "2734"]
[Annotator "RC"]
[PlyCount "135"]
[EventDate "2024.05.08"]
[EventType "k.o."]
[EventCountry "NET"]
[SourceTitle "playchess.com"]
[Source "ChessBase"]
[SourceQuality "1"]
[TimeControl "600+2"]

1. d4 Nf6 2. c4 g6 3. Nf3 Bg7 4. g3 O-O 5. Bg2 Nc6 6. O-O Rb8 7. Nc3 a6 8. Bf4 b5 9. cxb5 axb5 10. Rc1 e6 11. Qd2 Ne7 12. e4 b4 13. Na4 d6 14. Qc2 Ne8 15. Rfe1 h6 16. h4 Bb7 17. b3 f5 18. e5 Bd5 19. Qd2 Kh7 20. Nb2 Qd7 21. Nc4 Be4 22. Nh2 Bxg2 23. Kxg2 Nd5 24. Nf3 Nc3 25. exd6 cxd6 26. Qe3 Rf6 27. a4 Qc6 28. Qd3 Rd8 29. Bd2 Nc7 30. Bxc3 bxc3 31. Ne3 Qb7 32. Qxc3 Rf7 33. Qc6 Qxb3 34. Rb1 Qd3 35. Rb7 Rdd7 36. Rd1 Qe4 37. Qxe4 fxe4 38. Nd2 d5 39. Nb3 Na6 40. Rb5 Rc7 41. Ng4 Rc2 42. Rb6 h5 43. Rxa6 hxg4 44. Rf1 Rf3 45. Nc5 Bxd4 46. Nxe6 Bxf2 47. Ng5+ Kh6 48. Nxf3 exf3+ 49. Kh2 Be1+ 50. Kh1 Bxg3 51. Rf6 Be5 52. Re6 Rh2+ 53. Kg1 Re2 54. Rxe5 Rxe5 55. a5 d4 56. Ra1 d3 57. Kf2 d2 58. Rd1 Rxa5 59. Rxd2 g5 60. hxg5+ Kxg5 61. Kg3 Ra1 62. Rd5+ Kg6 63. Kxg4 f2 64. Rg5+ Kh6 65. Rh5+ Kg6 66. Rg5+ Kh6 67. Rh5+ Kg6 68. Rg5+ 1/2-1/2

[Event "CCT Chesscom Classic-D2 2024"]
[Site "Online"]
[Date "2024.05.12"]
[Round "3"]
[White "Oparin, Grigoriy"]
[Black "LevonAronian"]
[Result "1-0"]
[ECO "C65"]
[WhiteElo "2676"]
[BlackElo "2754"]
[Annotator "TA"]
[PlyCount "43"]
[EventDate "2024.05.08"]
[EventType "k.o."]
[EventCountry "NET"]
[SourceTitle "playchess.com"]
[Source "ChessBase"]
[SourceQuality "1"]
[TimeControl "600+2"]

1. e4 e5 2. Nf3 Nc6 3. Bb5 Nf6 4. d3 Bc5 5. Bxc6 dxc6 6. O-O (6. Nxe5 $2 Qd4 7. Qe2 Qxe5 $19) 6... Bd6 7. Bg5 h6 8. Bh4 {[%emt 0:00:01] The position is equal.} g5 9. Bg3 Be6 10. Qd2 Nd7 11. d4 f6 12. Qa5 Bc4 13. Rd1 (13. Rc1 $11 {keeps the balance.}) 13... Be2 $17 14. Rd2 (14. Nbd2 $17) 14... Bxf3 $19 15. gxf3 Qe7 16. a3 (16. dxe5 $17 {was necessary.} fxe5 (16... Nxe5 17. Bxe5 fxe5 18. Rd3 $17) 17. h3) 16... h5 {[%emt 0:00:07] aiming for ...h4.} 17. dxe5 Bxe5 (17... Nxe5 18. Bxe5 Bxe5 19. Nc3 $19) 18. Qb4 h4 19. Bxe5 (19. Qxb7 $2 Rb8 20. Qxc6 hxg3 $19) 19... Nxe5 20. Qxb7 Nxf3+ 21. Kh1 O-O $4 {[%emt 0:00:38][%mdl 8192] [#]} ({And not} 21... Rd8 22. Rxd8+ Qxd8 23. Nc3 $11) (21... Qe5 $19 {[%csl Gf3][%cal Re5h2] and all is fine.} 22. Qxc6+ (22. Qxa8+ $2 {perishes.} Kf7 $19) 22... Kf8 (22... Kf7 23. Qd5+ Qxd5 24. Rxd5 $15)) 22. Qb3+ {[%emt 0:00:06] Weighted Error Value: White=0.27 (precise) /Black=0.52.  Missed win:     	---       	Black=1      Mistake:       	White=3     	---        OK:         	White=5     	Black=7      Best:        	White=1     	Black=3} 1-0